 Dungeon Crawl Stone Soup version 0.30-a0-743-gbfdf073431 (webtiles) character file.

Game seed: 2427562114184579473

579 croobank the Vexing (level 7, -3/53 HPs)
             Began as a Gnoll Hexslinger on Feb 8, 2023.
             Was a Follower of Okawaru.
             Slain by an ice beast (14 damage)
             ... on level 5 of the Dungeon.
             The game lasted 00:14:45 (5312 turns).

croobank the Vexing (Gnoll Hexslinger)              Turns: 5312, Time: 00:14:45

Health: -3/53      AC:  4    Str:  9    XL:     7   Next: 36%
Magic:  12/12      EV: 14    Int: 14    God:    Okawaru [*.....]
Gold:   205        SH:  0    Dex: 13    Spells: 9/13 levels left

rFire   . . .      SeeInvis .    i - +0 hand axe
rCold   . . .      Faith    .    (no shield)
rNeg    . . .      Spirit   .    c - +0 robe
rPois   +          Reflect  .    (no helmet)
rElec   .          Harm     .    p - +1 cloak
rCorr   .          Rampage  .    (no gloves)
Will    .....      Rage     3%   (no boots)
Stlth   ++                       (no amulet)
HPRegen 0.28/turn                (no ring)
MPRegen 0.13/turn                (no ring)

@: no status effects
A: fangs 1, strong nose, distributed training, berserk 1, sense surroundings 1,
poison resistance
a: Renounce Religion, Heroism


You were on level 5 of the Dungeon.
You worshipped Okawaru.
Okawaru was aware of your devotion.
You visited 1 branch of the dungeon, and saw 5 of its levels.

You collected 205 gold pieces.

Inventory:

Hand Weapons
 a - a +1 sling
 f - a +0 short sword
 h - a +0 dagger
 i - a +0 hand axe (weapon)
 m - a +0 falchion
 q - a +0 rapier
Missiles
 e - 4 datura-tipped darts
 l - 10 curare-tipped darts
Armour
 c - a +0 robe (worn)
 p - a +1 cloak (worn)
Magical Staves
 j - a staff of earth
Scrolls
 b - 3 scrolls of poison
Potions
 d - 3 potions of flight
 o - a potion of attraction
 s - a potion of resistance {unknown}
 t - 2 potions of curing {unknown}


   Skills:
 + Level 3.6 Fighting
 + Level 2.5 Short Blades
 + Level 2.5 Long Blades
 + Level 2.5 Axes
 + Level 2.5 Maces & Flails
 + Level 2.5 Polearms
 + Level 2.5 Staves
 + Level 5.2 Ranged Weapons
 + Level 2.5 Throwing
 + Level 2.5 Armour
 + Level 5.2 Dodging
 + Level 2.5 Stealth
 + Level 2.5 Shields
 + Level 2.5 Unarmed Combat
 + Level 3.8 Spellcasting
 + Level 2.0 Conjurations
 + Level 5.8 Hexes
 + Level 2.0 Summonings
 + Level 2.0 Necromancy
 + Level 2.0 Translocations
 + Level 2.0 Transmutations
 + Level 2.0 Fire Magic
 + Level 2.0 Ice Magic
 + Level 2.0 Air Magic
 + Level 2.0 Earth Magic
 + Level 2.0 Poison Magic
 + Level 2.8 Invocations
 + Level 2.5 Evocations


You had 9 spell levels left.
You knew the following spells:

 Your Spells              Type           Power      Damage    Failure   Level
a - Slow                  Hex            76%        N/A       1%          1
b - Inner Flame           Hex/Fire       13%        N/A       12%         3

Your spell library contained the following spells:

 Spells                   Type           Power      Damage    Failure   Level
 Portal Projectile        Hex/Tloc       26%        N/A       12%         3
 Cause Fear               Hex            9%         N/A       17%         4
 Ozocubu's Armour         Ice            8%         N/A       26%         3
 Ozocubu's Refrigeration  Ice            4%         4d8       100%        7


Dungeon Overview and Level Annotations

Branches:
Dungeon (5/15)
 Temple: D:4-7

Altars:
Makhleb
Okawaru
Ru
Wu Jian
Yredelemnul
Zin
The Shining One


Innate Abilities, Weirdness & Mutations

You have very sharp teeth.
Your uncanny sense of smell can sniff out nearby items.
Your experience applies equally to all skills.
You sometimes lose your temper in combat.
You passively map a small area around you.
Your system is resistant to poisons. (rPois)


Message History

Found a glowing barding.
Found a robe.
d - 3 potions of flight (gained 1)
You now have 205 gold pieces (gained 11).
You hit the ice beast.
The ice beast is lightly wounded.
The ice beast closely misses you.
You hit the ice beast.
You bite the ice beast, but do no damage.
The ice beast is moderately wounded.
The ice beast barely misses you.
You hit the ice beast.
The ice beast is moderately wounded.
The ice beast barely misses you.
You barely miss the ice beast.
The ice beast is moderately wounded.
The ice beast hits you. The ice beast freezes you!
You hit the ice beast but do no damage.
You bite the ice beast, but do no damage.
The ice beast is moderately wounded.
The ice beast closely misses you. The ice beast barely misses you.
You hit the ice beast but do no damage.
The ice beast is moderately wounded.
The ice beast barely misses you.
You hit the ice beast but do no damage.
The ice beast is moderately wounded.
The ice beast hits you. The ice beast freezes you!
You hit the ice beast. Your bite misses the ice beast.
The ice beast is heavily wounded.
The ice beast hits you. The ice beast freezes you!
You hit the ice beast.
The ice beast is heavily wounded.
The ice beast hits you. The ice beast freezes you.
* * * LOW HITPOINT WARNING * * *
You hit the ice beast but do no damage.
The ice beast is heavily wounded.
The ice beast hits you.
* * * LOW HITPOINT WARNING * * *
The ice beast freezes you!
You die...

........#...##.# #....###.#####
..#####......##.####....# #Y# #
......<.................###.# #
..##########.##.####........#####
#.##.# #....###...... , *
#.##.####.#..# #.#####
#.##......#..###.# # ***
#####.##.####........# # , ,
.........@Y.....###### # ,
......##.####.############ *#####
#.# #............. #.#
#.############ ### ### #


You could see an ice beast.

Vanquished Creatures
  An ice beast (D:4)
  A black bear (D:4)
  A scorpion (D:4)
  A howler monkey (D:5)
  2 hounds
  An orc priest (D:4)
  3 orc wizards (D:4)
  3 adders
  A worm (D:3)
  4 orcs
  7 endoplasms
  A giant cockroach (D:3)
  11 goblins
  14 hobgoblins
  6 jackals (D:4)
  8 kobolds
  4 quokkas
  13 ball pythons
  7 bats
  6 frilled lizards
  2 rats
97 creatures vanquished.

Notes
Turn   | Place    | Note
-------+----------+-------------------------------------------
     0 | D:1      | croobank the Gnoll Hexslinger began the quest for the Orb.
     0 | D:1      | Reached XP level 1. HP: 17/17 MP: 4/4
   170 | D:1      | Reached XP level 2. HP: 23/23 MP: 5/5
   639 | D:1      | Reached XP level 3. HP: 28/28 MP: 4/7
  1149 | D:2      | Reached skill level 1 in Invocations
  1436 | D:2      | Found a faded altar of an unknown god.
  2036 | D:3      | Reached skill level 1 in Short Blades
  2036 | D:3      | Reached skill level 1 in Long Blades
  2036 | D:3      | Reached skill level 1 in Axes
  2036 | D:3      | Reached skill level 1 in Maces & Flails
  2036 | D:3      | Reached skill level 1 in Polearms
  2036 | D:3      | Reached skill level 1 in Staves
  2036 | D:3      | Reached skill level 1 in Throwing
  2036 | D:3      | Reached skill level 1 in Armour
  2036 | D:3      | Reached skill level 1 in Stealth
  2036 | D:3      | Reached skill level 1 in Shields
  2036 | D:3      | Reached skill level 1 in Unarmed Combat
  2036 | D:3      | Reached skill level 1 in Evocations
  2248 | D:3      | Learned a level 3 spell: Inner Flame
  2299 | D:3      | Reached XP level 4. HP: 24/34 MP: 6/8
  2390 | D:3      | Reached skill level 1 in Conjurations
  2390 | D:3      | Reached skill level 1 in Summonings
  2390 | D:3      | Reached skill level 1 in Necromancy
  2390 | D:3      | Reached skill level 1 in Translocations
  2390 | D:3      | Reached skill level 1 in Transmutations
  2390 | D:3      | Reached skill level 1 in Fire Magic
  2390 | D:3      | Reached skill level 1 in Ice Magic
  2390 | D:3      | Reached skill level 1 in Air Magic
  2390 | D:3      | Reached skill level 1 in Earth Magic
  2390 | D:3      | Reached skill level 1 in Poison Magic
  2455 | D:3      | Found an ornate altar of the Wu Jian Council.
  2456 | D:3      | Found a glowing golden altar of the Shining One.
  2456 | D:3      | Found a burning altar of Makhleb.
  2459 | D:3      | Found a glowing silver altar of Zin.
  2535 | D:3      | Noticed a bullfrog
  2562 | D:3      | Found an iron altar of Okawaru.
  2591 | D:3      | Found a sacrificial altar of Ru.
  2783 | D:3      | Found a basalt altar of Yredelemnul.
  2984 | D:3      | Became a worshipper of Warmaster Okawaru
  3036 | D:4      | Reached XP level 5. HP: 32/41 MP: 9/9
  3458 | D:4      | Noticed an ice beast
  3487 | D:5      | Entered Level 5 of the Dungeon
  3718 | D:5      | Noticed an ice beast
  3721 | D:5      | Noticed an ice beast
  3896 | D:4      | Gained mutation: You sometimes lose your temper in combat.
                  | [potion of mutation]
  3896 | D:4      | Gained mutation: Your system is resistant to poisons.
                  | (rPois) [potion of mutation]
  3896 | D:4      | Gained mutation: You passively map a small area around you.
                  | [potion of mutation]
  3902 | D:4      | Reached XP level 6. HP: 27/47 MP: 9/11
  3910 | D:4      | Reached skill level 5 in Ranged Weapons
  3910 | D:4      | Reached skill level 5 in Dodging
  3917 | D:4      | Killed an ice beast
  4124 | D:4      | Reached * piety under Okawaru
  4229 | D:4      | Noticed a black bear
  4253 | D:4      | Killed a black bear
  4254 | D:4      | Reached XP level 7. HP: 32/52 MP: 12/12
  5312 | D:5      | Slain by an ice beast

Illustrated notes

Levels and vault maps discovered:
D:1:      minmay_arrival_hallway, layout_loops_corners, minmay_tromino_mix6
D:2:      layout_basic, basic_ecumenical_altar
D:3:      layout_loops_ring, old_standard_altar,
          mainiacjoe_overflow_six_doors_small, grunt_temple_overflow_open,
          lightli_corner_chamber
D:4:      layout_basic, minmay_goblin_kobold_house
D:5:      layout_basic, vehumet_statue

Skill      XL: |  1  2  3  4  5  6 |
---------------+-------------------+-----
Invocations    | 1 2 |  2.8
Short Blades   | 1 2 |  2.5
Long Blades    | 1 2 |  2.5
Axes           | 1 2 |  2.5
Maces & Flails | 1 2 |  2.5
Polearms       | 1 2 |  2.5
Staves         | 1 2 |  2.5
Throwing       | 1 2 |  2.5
Armour         | 1 2 |  2.5
Stealth        | 1 2 |  2.5
Shields        | 1 2 |  2.5
Unarmed Combat | 1 2 |  2.5
Evocations     | 1 2 |  2.5
Spellcasting   | 3 |  3.8
Conjurations   | 1 2 |  2.0
Summonings     | 1 2 |  2.0
Necromancy     | 1 2 |  2.0
Translocations | 1 2 |  2.0
Transmutations | 1 2 |  2.0
Fire Magic     | 1 2 |  2.0
Ice Magic      | 1 2 |  2.0
Air Magic      | 1 2 |  2.0
Earth Magic    | 1 2 |  2.0
Poison Magic   | 1 2 |  2.0
Fighting       | 3 |  3.6
Ranged Weapons | 5 |  5.2
Dodging        | 5 |  5.2
Hexes          | |  5.8

Action                     |  1- 3 |  4- 6 |  7- 9 || total
---------------------------+-------+-------+-------++-------
  Melee: Short sword       |     3 |       |       ||     3
         Bite              |     1 |     4 |     7 ||    12
         Hand axe          |       |    41 |    61 ||   102
         Punch             |       |       |     2 ||     2
   Fire: Sling             |   141 |   150 |       ||   291
  Throw: Dart              |       |     5 |       ||     5
         Throwing net      |       |     1 |       ||     1
   Cast: Slow              |    15 |     7 |       ||    22
         Inner Flame       |     1 |       |       ||     1
 Invoke: Heroism           |       |       |     1 ||     1
    Use: Scroll            |     3 |     6 |     1 ||    10
         Potion            |       |     6 |     1 ||     7
 Armour: Robe              |    27 |    58 |    12 ||    97
         Skin              |       |    46 |       ||    46
  Dodge: Dodged            |    63 |   181 |    35 ||   279

Table legend: (Time is in decaauts)
 A = Elapsed time spent in this place.
 B = Non-inter-level travel time spent in this place.
 C = Inter-level travel time spent in this place.
 D = Time resting spent in this place.
 E = Time spent auto-exploring this place.
 F = Levels seen in this place.
 G = Mean time per level.
                   A        B        C        D        E       F      G
               +--------+--------+--------+--------+--------+-----+--------+
         Total |   5393 |   5191 |    202 |    975 |   3337 |   5 | 1078.6 |
       Dungeon |   5393 |   5191 |    202 |    975 |   3337 |   5 | 1078.6 |
               +--------+--------+--------+--------+--------+-----+--------+

Top non-repeatable levels by time:
     D:4: 1938 daAuts
     D:3: 1061 daAuts
     D:2: 1003 daAuts
     D:1: 976 daAuts
     D:5: 413 daAuts
